Sarnia Sailors vs Erie Otters
Created - Tuesday, June 20, 2023 at 07:08
Goals
|
| Sarnia Sailors |
1 |
1 |
2 |
4 |
| Erie Otters |
1 |
1 |
3 |
5 |
|
Shots
|
| Sarnia Sailors |
5 |
21 |
10 |
36 |
| Erie Otters |
6 |
19 |
22 |
47 |
|
1st period
1. Erie Otters , Mitchell Chaffee 4 (Alex Biega 33, Trent Frederic 41) at 4:07 (PP)
2. Sarnia Sailors , Vasily Podkolzin 51 (Dominic Toninato 39, Keegan Kolesar 83) at 10:44
Penalties :
Alex Petrovic (ERO) for Fighting (Major) at 0:13, Keegan Kolesar (SAR) for Fighting (Major) at 0:13, Mitchell Vande Sompel (SAR) for Hooking (Minor) at 3:12, Connor Carrick (SAR) for Unsportsmanlike conduct (Minor) at 5:05, Alex Biega (ERO) for Holding (Minor) at 13:36
2nd period
3. Erie Otters , Alex Newhook 36 (Aaron Ness 19) at 0:29 (SH)
4. Sarnia Sailors , Dylan McLaughlin 25 (Adam Erne 31, Josh Dickinson 10) at 3:47 (PP)
Penalties :
Trent Frederic (ERO) for High sticking (Minor) at 0:03, Keith Kinkaid (ERO) for Slashing (Minor) at 2:16 - Andy Andreoff served the penalty, Trent Frederic (ERO) for Tripping (Minor) at 9:00
3rd period
5. Erie Otters , Alex Petrovic 5 (Paul Cotter 29, Andy Andreoff 77) at 5:27 (PP)
6. Sarnia Sailors , Connor Carrick 13 (Keegan Kolesar 84, Dominic Turgeon 16) at 9:03 (PP)
7. Erie Otters , Alex-Olivier Voyer 15 (Sampo Ranta 40, Alex Biega 34) at 13:40
8. Erie Otters , Mitchell Chaffee 5 (Alex Newhook 78, Trent Frederic 42) at 15:21 (PP)
9. Sarnia Sailors , Josh Dickinson 11 (Chris Wideman 17, Seth Barton 13) at 16:27
Penalties :
Yannick Weber (SAR) for Tripping (Minor) at 0:11, Chris Wideman (SAR) for Hooking (Minor) at 4:42, Alex Gallant (ERO) for Holding (Minor) at 8:00, Alex Vlasic (SAR) for Roughing (Minor) at 9:48, David Warsofsky (SAR) for Hooking (Minor) at 15:07
Goalie Stats
Laurent Brossoit (SAR), 42 saves from 47 shots - (0.894), L, 22-20-3, 60:00 minutes
Keith Kinkaid (ERO), 32 saves from 36 shots - (0.889), W, 21-16-8, 60:00 minutes
Players Stats for Sarnia Sailors
Player Name G A P +/- PIM S H SB GA TA FO MP PP MP PK MP
------------------------------------------------------------------------------------
Adam Erne 0 1 1 -1 0 4 1 0 0 0 0/0 14:57 3:56 0:00
Aleksi Heponiemi 0 0 0 0 0 1 0 0 0 1 0/1 10:29 0:41 0:08
Alex Vlasic 0 0 0 -1 2 1 0 1 1 3 0/0 27:24 3:20 3:08
Andrew MacWilliam 0 0 0 1 0 0 0 0 0 0 0/0 7:35 0:00 0:04
Chris Wideman 0 1 1 1 2 3 0 0 0 0 0/0 11:18 4:35 0:00
Connor Carrick 1 0 1 -1 2 3 4 0 0 1 0/0 17:05 3:56 2:44
David Warsofsky 0 0 0 0 2 0 2 0 0 0 0/0 10:19 0:36 0:04
Dominic Toninato 0 1 1 1 0 1 1 2 0 1 13/26 20:44 0:06 3:54
Dominic Turgeon 0 1 1 0 0 0 3 0 0 0 6/13 13:03 4:25 0:00
Dylan McLaughlin 1 0 1 -2 0 5 1 1 0 0 8/16 19:45 3:56 3:49
Josh Dickinson 1 1 2 0 0 3 2 0 0 0 0/3 11:53 3:46 0:53
Keegan Kolesar 0 2 2 1 5 5 1 0 0 0 1/2 22:00 3:45 3:15
Michael Dal Colle 0 0 0 -1 0 1 2 0 0 0 0/0 16:43 0:38 3:49
Mitchell Vande Sompel 0 0 0 -1 2 1 3 2 0 0 0/0 17:05 0:35 3:39
Rob Hamilton 0 0 0 1 0 0 1 1 0 0 0/0 8:34 0:00 1:37
Seth Barton 0 1 1 2 0 1 1 1 0 1 0/0 20:27 4:35 3:46
Vasily Podkolzin 1 0 1 1 0 5 2 0 0 0 1/1 20:00 3:45 0:00
Yannick Weber 0 0 0 -1 2 2 2 2 0 2 0/0 22:47 0:00 0:40
Players Stats for Erie Otters
Player Name G A P +/- PIM S H SB GA TA FO MP PP MP PK MP
------------------------------------------------------------------------------------
Aaron Luchuk 0 0 0 0 0 0 2 0 0 1 5/9 9:53 0:00 0:00
Aaron Ness 0 1 1 0 0 2 2 1 1 0 0/0 24:36 4:09 3:55
Abbott Girduckis 0 0 0 0 0 0 2 1 0 0 2/2 7:50 0:00 0:00
Adam Brubacher 0 0 0 0 0 3 1 0 0 0 0/0 11:52 0:00 1:45
Alec McCrea 0 0 0 0 0 2 0 3 0 0 0/0 22:59 3:26 3:55
Alex Biega 0 2 2 0 2 3 1 2 0 0 0/0 23:59 4:25 2:02
Alex Gallant 0 0 0 0 2 1 0 0 2 0 0/0 7:50 0:00 0:00
Alex Newhook 1 1 2 -1 0 2 1 1 1 0 9/19 20:47 3:55 4:02
Alex Petrovic 1 0 1 0 5 2 4 1 0 0 0/0 22:32 3:30 3:24
Alex-Olivier Voyer 1 0 1 2 0 5 0 0 0 0 2/5 13:18 0:11 3:23
Andy Andreoff 0 1 1 0 0 1 1 1 1 0 12/19 17:38 3:45 2:30
Kevin Davis 0 0 0 0 0 0 0 1 0 0 0/0 12:41 0:12 2:01
Michael Eyssimont 0 0 0 0 0 1 3 0 1 0 0/2 15:45 3:45 0:40
Mitchell Chaffee 2 0 2 -2 0 7 0 2 0 0 1/2 20:26 3:55 3:52
Paul Cotter 0 1 1 0 0 5 5 0 1 0 0/0 14:58 3:45 0:00
Sampo Ranta 0 1 1 1 0 5 1 0 1 0 0/1 12:48 0:11 0:19
Trent Frederic 0 2 2 -2 4 4 3 1 1 0 1/2 19:13 3:55 2:16
Ty Ronning 0 0 0 1 0 4 2 0 0 0 1/1 12:19 0:11 0:00
3 Stars
1 - Mitchell Chaffee (ERO)
2 - Josh Dickinson (SAR)
3 - Alex-Olivier Voyer (ERO)
Power Play
Sarnia Sailors - 2 on 5 Attempt(s) - 40.00%
Erie Otters - 3 on 6 Attempt(s) - 50.00%
Penalty Kill
Sarnia Sailors - 3 on 6 Attempt(s) - 50.00%
- Score 0 goal in Penalty Kill
Erie Otters - 3 on 5 Attempt(s) - 60.00%
- Score 1 goal in Penalty Kill
Team Stat
Sarnia Sailors - Hits : 26 - Faceoff Wins : 29 - Blocked Shots : 10 - Penalty Minutes : 17
Erie Otters - Hits : 28 - Faceoff Wins : 33 - Blocked Shots : 14 - Penalty Minutes : 15
Official
Referees : Kelly Sutherland and Dan O'Rourke
Linesman : Mark Shewchyk and Don Henderson
Game Notes
Alex Petrovic and Keegan Kolesar fight to a draw at 0:13 of 1st period
Rob Hamilton is injured at 13:43 of 2nd period (Strained Right Knee)
Sarnia Sailors
5 vs 5 Forward
Center Left Wing Right Wing Time % Phy DF OF
1 Dominic Toninato Keegan Kolesar Vasily Podkolzin 40 1 2 2
2 Dylan McLaughlin Adam Erne Michael Dal Colle 30 1 2 2
3 Dominic Turgeon Aleksi Heponiemi Connor Carrick 20 1 2 2
4 Josh Dickinson Chris Wideman Andrew MacWilliam 10 1 2 2
5 vs 5 Defense
Defense Defense Time % Phy DF OF
1 Alex Vlasic Yannick Weber 40 1 2 2
2 Rob Hamilton Seth Barton 30 1 2 2
3 Mitchell Vande Sompel David Warsofsky 20 1 2 2
4 Connor Carrick Yannick Weber 10 1 2 2
PowerPlay Forward
Center Left Wing Right Wing Time % Phy DF OF
1 Dominic Turgeon Keegan Kolesar Vasily Podkolzin 50 1 2 2
2 Dylan McLaughlin Adam Erne Josh Dickinson 50 1 2 2
PowerPlay Defense
Defense Defense Time % Phy DF OF
1 Connor Carrick Alex Vlasic 50 1 2 2
2 Seth Barton Chris Wideman 50 1 2 2
Penalty Kill 4 Players Forward
Center Wing Time % Phy DF OF
1 Dominic Toninato Keegan Kolesar 50 1 2 2
2 Dylan McLaughlin Michael Dal Colle 50 1 2 2
Penalty Kill 4 Players Defense
Defense Defense Time % Phy DF OF
1 Alex Vlasic Connor Carrick 50 1 2 2
2 Mitchell Vande Sompel Rob Hamilton 50 1 2 2
Penalty Kill - 3 Players Forward
Forward Time % Phy DF OF
1 Dominic Toninato 50 1 2 2
2 Dylan McLaughlin 50 1 2 2
Penalty Kill - 3 Players Defense
Defense Defense Time % Phy DF OF
1 Alex Vlasic Connor Carrick 50 1 2 2
2 Mitchell Vande Sompel Rob Hamilton 50 1 2 2
4 vs 4 Forward
Center Wing Time % Phy DF OF
1 Keegan Kolesar Vasily Podkolzin 50 1 2 2
2 Dominic Turgeon Michael Dal Colle 50 1 2 2
4 vs 4 Defense
Defense Defense Time % Phy DF OF
1 Alex Vlasic Mitchell Vande Sompel 50 1 2 2
2 Connor Carrick Yannick Weber 50 1 2 2
Last Minutes Offensive
Center Left Wing Right Wing Defense Defense
Dominic Toninato Keegan Kolesar Vasily Podkolzin Yannick Weber Alex Vlasic
Last Minutes Defensive
Center Left Wing Right Wing Defense Defense
Dylan McLaughlin Keegan Kolesar Dominic Toninato Yannick Weber Connor Carrick
Goaltenders
Starting : Laurent Brossoit
Backup : Matt Tomkins
Extra Forwards
Normal : Josh Dickinson, Adam Erne, Aleksi Heponiemi - PP : Josh Dickinson, Aleksi Heponiemi - PK : Josh Dickinson
Extra Defensemen
Normal : Rob Hamilton, Seth Barton, Alex Vlasic - PP : David Warsofsky - PK : Rob Hamilton, Seth Barton
Penalty Shots
Keegan Kolesar, Vasily Podkolzin, Dominic Toninato, Aleksi Heponiemi, Michael Dal Colle
Erie Otters
5 vs 5 Forward
Center Left Wing Right Wing Time % Phy DF OF
1 Alex Newhook Trent Frederic Mitchell Chaffee 30 1 2 2
2 Andy Andreoff Michael Eyssimont Paul Cotter 30 1 2 2
3 Aaron Luchuk Sampo Ranta Ty Ronning 25 1 2 2
4 Abbott Girduckis Alex Gallant Alex-Olivier Voyer 15 1 2 2
5 vs 5 Defense
Defense Defense Time % Phy DF OF
1 Alex Biega Alex Petrovic 30 1 2 2
2 Aaron Ness Alec McCrea 30 1 2 2
3 Kevin Davis Adam Brubacher 25 1 2 2
4 Alex Biega Alex Petrovic 15 1 2 2
PowerPlay Forward
Center Left Wing Right Wing Time % Phy DF OF
1 Alex Newhook Trent Frederic Mitchell Chaffee 50 1 2 2
2 Andy Andreoff Michael Eyssimont Paul Cotter 50 1 2 2
PowerPlay Defense
Defense Defense Time % Phy DF OF
1 Alex Biega Alex Petrovic 50 1 2 2
2 Aaron Ness Alec McCrea 50 1 2 2
Penalty Kill 4 Players Forward
Center Wing Time % Phy DF OF
1 Alex Newhook Trent Frederic 50 1 2 2
2 Andy Andreoff Mitchell Chaffee 50 1 2 2
Penalty Kill 4 Players Defense
Defense Defense Time % Phy DF OF
1 Alex Biega Alex Petrovic 50 1 2 2
2 Aaron Ness Alec McCrea 50 1 2 2
Penalty Kill - 3 Players Forward
Forward Time % Phy DF OF
1 Alex Newhook 50 1 2 2
2 Trent Frederic 50 1 2 2
Penalty Kill - 3 Players Defense
Defense Defense Time % Phy DF OF
1 Alex Biega Alex Petrovic 50 1 2 2
2 Aaron Ness Alec McCrea 50 1 2 2
4 vs 4 Forward
Center Wing Time % Phy DF OF
1 Alex Newhook Trent Frederic 50 1 2 2
2 Andy Andreoff Mitchell Chaffee 50 1 2 2
4 vs 4 Defense
Defense Defense Time % Phy DF OF
1 Alex Biega Alex Petrovic 50 1 2 2
2 Aaron Ness Alec McCrea 50 1 2 2
Last Minutes Offensive
Center Left Wing Right Wing Defense Defense
Alex Newhook Trent Frederic Mitchell Chaffee Alex Biega Alex Petrovic
Last Minutes Defensive
Center Left Wing Right Wing Defense Defense
Alex Newhook Trent Frederic Mitchell Chaffee Alex Biega Alex Petrovic
Goaltenders
Starting : Keith Kinkaid
Backup : Adam Werner
Extra Forwards
Normal : Sampo Ranta, Ty Ronning, Alex-Olivier Voyer - PP : Sampo Ranta, Ty Ronning - PK : Alex-Olivier Voyer
Extra Defensemen
Normal : Kevin Davis, Adam Brubacher, Aaron Ness - PP : Kevin Davis - PK : Adam Brubacher, Aaron Ness
Penalty Shots
Alex Newhook, Trent Frederic, Andy Andreoff, Mitchell Chaffee, Michael Eyssimont
% Time on Ice - Sarnia Sailors
Lines # - Real PCT - Wanted PCT - Time Play
Normal Forward
1 - 35% - 40% - 14:56
2 - 30% - 30% - 12:38
3 - 20% - 20% - 8:38
4 - 15% - 10% - 6:15
Normal Defense
1 - 38% - 40% - 16:17
2 - 35% - 30% - 14:53
3 - 21% - 20% - 8:44
4 - 6% - 10% - 2:33
PP Forward
1 - 44% - 50% - 3:45
2 - 56% - 50% - 4:46
PP Defense
1 - 46% - 50% - 3:56
2 - 54% - 50% - 4:35
PK Forward
1 - 50% - 50% - 3:54
2 - 50% - 50% - 3:57
PK Defense
1 - 51% - 50% - 4:02
2 - 49% - 50% - 3:49
PK3 Forward
1 - 0% - 50%
2 - 0% - 50%
PK3 Defense
1 - 0% - 50%
2 - 0% - 50%
44 Forward
1 - 0% - 50%
2 - 0% - 50%
44 Defense
1 - 0% - 50%
2 - 0% - 50%
Last Minute Offensive - 1:11
Last Minute Defensive - 0:00
Total
Forward - 60:00
Defense - 60:00
|
% Time on Ice - Erie Otters
Lines # - Real PCT - Wanted PCT - Time Play
Normal Forward
1 - 30% - 30% - 13:05
2 - 30% - 30% - 13:08
3 - 22% - 25% - 9:47
4 - 17% - 15% - 7:38
Normal Defense
1 - 30% - 30% - 13:18
2 - 35% - 30% - 15:05
3 - 25% - 25% - 11:06
4 - 10% - 15% - 4:09
PP Forward
1 - 50% - 50% - 3:55
2 - 50% - 50% - 3:56
PP Defense
1 - 56% - 50% - 4:25
2 - 44% - 50% - 3:26
PK Forward
1 - 55% - 50% - 4:39
2 - 45% - 50% - 3:52
PK Defense
1 - 55% - 50% - 4:40
2 - 45% - 50% - 3:51
PK3 Forward
1 - 0% - 50%
2 - 0% - 50%
PK3 Defense
1 - 0% - 50%
2 - 0% - 50%
44 Forward
1 - 0% - 50%
2 - 0% - 50%
44 Defense
1 - 0% - 50%
2 - 0% - 50%
Last Minute Offensive - 0:00
Last Minute Defensive - 0:00
Total
Forward - 60:00
Defense - 60:00
|
Play-by-Play
1st period
0:01 of 1st period - Dominic Toninato wins face-off versus Alex Newhook in neutral zone.
0:06 of 1st period - Snap shot by Vasily Podkolzin.
0:06 of 1st period - Shot Misses the Net.
0:08 of 1st period - Slapshot by Yannick Weber.
0:08 of 1st period - Shot Blocked by Mitchell Chaffee.
0:13 of 1st period - Alex Petrovic and Keegan Kolesar fight to a draw.
0:13 of 1st period - Penalty to Alex Petrovic for Fighting.
0:13 of 1st period - Penalty to Keegan Kolesar for Fighting.
0:14 of 1st period - Andy Andreoff wins face-off versus Dylan McLaughlin in Erie Otters zone.
0:14 of 1st period - Andy Andreoff is hit by Seth Barton.
0:26 of 1st period - Michael Eyssimont is hit by Michael Dal Colle and loses puck.
0:39 of 1st period - Aaron Ness is hit by Rob Hamilton.
1:05 of 1st period - Snap shot by Alex-Olivier Voyer.
1:05 of 1st period - Stopped by Laurent Brossoit without a rebound.
1:06 of 1st period - Abbott Girduckis wins face-off versus Josh Dickinson in Sarnia Sailors zone.
1:30 of 1st period - Dominic Toninato is hit by Trent Frederic and loses puck.
1:52 of 1st period - Slapshot by Alex Vlasic.
1:52 of 1st period - Shot Blocked by Andy Andreoff.
1:54 of 1st period - Slapshot by Yannick Weber.
1:54 of 1st period - Shot Misses the Net.
2:47 of 1st period - Alex Newhook is hit by Josh Dickinson and loses puck.
3:12 of 1st period - Minor Penalty to Mitchell Vande Sompel for Hooking.
3:13 of 1st period - Alex Newhook wins face-off versus Dominic Toninato in Sarnia Sailors zone.
3:45 of 1st period - Connor Carrick is hit by Alex Newhook.
4:03 of 1st period - Slapshot by Trent Frederic.
4:03 of 1st period - Stopped by Laurent Brossoit with a rebound.
4:05 of 1st period - Slapshot by Alex Biega.
4:05 of 1st period - Stopped by Laurent Brossoit with a rebound.
4:07 of 1st period - Snap shot by Mitchell Chaffee.
4:07 of 1st period - Goal by Mitchell Chaffee - Sarnia Sailors : 0 - Erie Otters : 1.
4:08 of 1st period - Andy Andreoff wins face-off versus Dominic Toninato in neutral zone.
4:24 of 1st period - Off-side.
4:25 of 1st period - Dylan McLaughlin wins face-off versus Aaron Luchuk in neutral zone.
4:32 of 1st period - Snap shot by Ty Ronning.
4:32 of 1st period - Shot Misses the Net.
4:34 of 1st period - Wrist shot by Sampo Ranta.
4:34 of 1st period - Deflect By Ty Ronning.
4:34 of 1st period - Stopped by Laurent Brossoit without a rebound.
4:35 of 1st period - Aaron Luchuk wins face-off versus Dylan McLaughlin in Sarnia Sailors zone.
5:05 of 1st period - Minor Penalty to Connor Carrick for Unsportsmanlike conduct.
5:06 of 1st period - Dominic Toninato wins face-off versus Andy Andreoff in Sarnia Sailors zone.
5:13 of 1st period - Penalty to Keegan Kolesar is over, Keegan Kolesar is back on ice.
5:14 of 1st period - Rob Hamilton is hit by Paul Cotter and loses puck.
6:42 of 1st period - Icing by Trent Frederic.
6:43 of 1st period - Alex Newhook wins face-off versus Dominic Toninato in Erie Otters zone.
7:05 of 1st period - Penalty to Connor Carrick is over, Connor Carrick is back on ice.
7:22 of 1st period - Snap shot by Connor Carrick.
7:22 of 1st period - Stopped by Keith Kinkaid with a rebound.
7:34 of 1st period - Wrist shot by Josh Dickinson.
7:34 of 1st period - Shot Blocked by Alec McCrea.
8:24 of 1st period - Andy Andreoff is hit by Dominic Turgeon and loses puck.
9:01 of 1st period - Off-side.
9:02 of 1st period - Dominic Toninato wins face-off versus Alex Newhook in neutral zone.
9:10 of 1st period - Wrist shot by Alex Newhook.
9:10 of 1st period - Shot Misses the Net.
10:08 of 1st period - Rob Hamilton is hit by Aaron Ness and loses puck.
10:13 of 1st period - Wrist shot by Alex-Olivier Voyer.
10:13 of 1st period - Stopped by Laurent Brossoit with a rebound.
10:36 of 1st period - Snap shot by Keegan Kolesar.
10:36 of 1st period - Shot Blocked by Alex Biega.
10:38 of 1st period - Slapshot by Keegan Kolesar.
10:38 of 1st period - Stopped by Keith Kinkaid with a rebound.
10:40 of 1st period - Snap shot by Keegan Kolesar.
10:40 of 1st period - Shot Misses the Net.
10:42 of 1st period - Snap shot by Dominic Toninato.
10:42 of 1st period - Shot Misses the Net.
10:44 of 1st period - Slapshot by Vasily Podkolzin.
10:44 of 1st period - Goal by Vasily Podkolzin - Sarnia Sailors : 1 - Erie Otters : 1.
10:45 of 1st period - Andy Andreoff wins face-off versus Dominic Toninato in neutral zone.
10:52 of 1st period - Snap shot by Michael Eyssimont.
10:52 of 1st period - Deflect By Andy Andreoff.
10:52 of 1st period - Shot Blocked by Yannick Weber.
10:52 of 1st period - Puck is out of play.
10:53 of 1st period - Andy Andreoff wins face-off versus Dominic Toninato in Sarnia Sailors zone.
11:22 of 1st period - Keegan Kolesar is hit by Michael Eyssimont and loses puck.
11:33 of 1st period - Wrist shot by Keegan Kolesar.
11:33 of 1st period - Stopped by Keith Kinkaid with a rebound.
11:49 of 1st period - Snap shot by Dominic Toninato.
11:49 of 1st period - Shot Misses the Net.
11:59 of 1st period - Vasily Podkolzin is hit by Andy Andreoff and loses puck.
13:30 of 1st period - Snap shot by Vasily Podkolzin.
13:30 of 1st period - Deflect By Dominic Toninato.
13:30 of 1st period - Shot Misses the Net.
13:30 of 1st period - Puck is out of play.
13:31 of 1st period - Dylan McLaughlin wins face-off versus Alex Newhook in Erie Otters zone.
13:34 of 1st period - Backhand shot by Adam Erne.
13:34 of 1st period - Stopped by Keith Kinkaid with a rebound.
13:36 of 1st period - Minor Penalty to Alex Biega for Holding.
13:37 of 1st period - Dylan McLaughlin wins face-off versus Trent Frederic in Erie Otters zone.
14:28 of 1st period - Alex-Olivier Voyer is hit by David Warsofsky and loses puck.
14:58 of 1st period - Off-side.
14:59 of 1st period - Dominic Turgeon wins face-off versus Alex-Olivier Voyer in neutral zone.
15:36 of 1st period - Penalty to Alex Biega is over, Alex Biega is back on ice.
15:47 of 1st period - Wrist shot by Connor Carrick.
15:47 of 1st period - Shot Blocked by Trent Frederic.
15:55 of 1st period - Trent Frederic is hit by Connor Carrick and loses puck.
16:14 of 1st period - Mitchell Vande Sompel is hit by Alex Petrovic and loses puck.
17:50 of 1st period - Mitchell Chaffee is hit by Mitchell Vande Sompel and loses puck.
18:01 of 1st period - Mitchell Vande Sompel is hit by Abbott Girduckis and loses puck.
18:20 of 1st period - Connor Carrick is hit by Paul Cotter and loses puck.
18:51 of 1st period - Dominic Toninato is hit by Abbott Girduckis and loses puck.
Goals for this period are 1 for Sarnia Sailors vs 1 for Erie Otters.
Shots for this period are 5 for Sarnia Sailors vs 6 for Erie Otters.
2nd period
0:01 of 2nd period - Alex Newhook wins face-off versus Dylan McLaughlin in neutral zone.
0:03 of 2nd period - Minor Penalty to Trent Frederic for High sticking.
0:04 of 2nd period - Vasily Podkolzin wins face-off versus Andy Andreoff in Erie Otters zone.
0:05 of 2nd period - Backhand shot by Keegan Kolesar.
0:05 of 2nd period - Shot Misses the Net.
0:07 of 2nd period - Snap shot by Keegan Kolesar.
0:07 of 2nd period - Shot Misses the Net.
0:13 of 2nd period - Snap shot by Vasily Podkolzin.
0:13 of 2nd period - Stopped by Keith Kinkaid with a rebound.
0:17 of 2nd period - Snap shot by Vasily Podkolzin.
0:17 of 2nd period - Shot Misses the Net.
0:19 of 2nd period - Backhand shot by Connor Carrick.
0:19 of 2nd period - Deflect By Vasily Podkolzin.
0:19 of 2nd period - Shot Misses the Net.
0:19 of 2nd period - Puck is out of play.
0:20 of 2nd period - Andy Andreoff wins face-off versus Josh Dickinson in Erie Otters zone.
0:29 of 2nd period - Slapshot by Alex Newhook.
0:29 of 2nd period - Goal by Alex Newhook - Sarnia Sailors : 1 - Erie Otters : 2.
0:30 of 2nd period - Dominic Turgeon wins face-off versus Andy Andreoff in neutral zone.
1:06 of 2nd period - Alex Biega is hit by Dominic Turgeon and loses puck.
1:13 of 2nd period - Slapshot by Vasily Podkolzin.
1:13 of 2nd period - Shot Blocked by Alex Petrovic.
1:15 of 2nd period - Snap shot by Keegan Kolesar.
1:15 of 2nd period - Stopped by Keith Kinkaid with a rebound.
1:17 of 2nd period - Slapshot by Vasily Podkolzin.
1:17 of 2nd period - Stopped by Keith Kinkaid without a rebound.
1:18 of 2nd period - Dylan McLaughlin wins face-off versus Andy Andreoff in Erie Otters zone.
1:33 of 2nd period - Wrist shot by Dylan McLaughlin.
1:33 of 2nd period - Shot Misses the Net.
1:51 of 2nd period - Alex Newhook is hit by Vasily Podkolzin and loses puck.
2:03 of 2nd period - Penalty to Trent Frederic is over, Trent Frederic is back on ice.
2:16 of 2nd period - Snap shot by Chris Wideman.
2:16 of 2nd period - Stopped by Keith Kinkaid without a rebound.
2:16 of 2nd period - Minor Penalty to Keith Kinkaid for Slashing.
2:17 of 2nd period - Alex-Olivier Voyer wins face-off versus Dominic Turgeon in Erie Otters zone.
2:27 of 2nd period - Wrist shot by Mitchell Chaffee.
2:27 of 2nd period - Stopped by Laurent Brossoit without a rebound.
2:28 of 2nd period - Alex-Olivier Voyer wins face-off versus Dominic Turgeon in Sarnia Sailors zone.
2:43 of 2nd period - Wrist shot by Vasily Podkolzin.
2:43 of 2nd period - Stopped by Keith Kinkaid with a rebound.
2:57 of 2nd period - Wrist shot by Dylan McLaughlin.
2:57 of 2nd period - Stopped by Keith Kinkaid without a rebound.
2:58 of 2nd period - Dylan McLaughlin wins face-off versus Alex Newhook in Erie Otters zone.
3:11 of 2nd period - Wrist shot by Dylan McLaughlin.
3:11 of 2nd period - Stopped by Keith Kinkaid without a rebound.
3:12 of 2nd period - Dominic Turgeon wins face-off versus Alex-Olivier Voyer in Erie Otters zone.
3:23 of 2nd period - Snap shot by Vasily Podkolzin.
3:23 of 2nd period - Shot Misses the Net.
3:43 of 2nd period - Wrist shot by Dylan McLaughlin.
3:43 of 2nd period - Shot Misses the Net.
3:45 of 2nd period - Wrist shot by Dylan McLaughlin.
3:45 of 2nd period - Stopped by Keith Kinkaid with a rebound.
3:47 of 2nd period - Backhand shot by Dylan McLaughlin.
3:47 of 2nd period - Goal by Dylan McLaughlin - Sarnia Sailors : 2 - Erie Otters : 2.
3:48 of 2nd period - Alex Newhook wins face-off versus Dylan McLaughlin in neutral zone.
3:55 of 2nd period - Wrist shot by Mitchell Chaffee.
3:55 of 2nd period - Stopped by Laurent Brossoit with a rebound.
3:57 of 2nd period - Backhand shot by Trent Frederic.
3:57 of 2nd period - Stopped by Laurent Brossoit without a rebound.
3:58 of 2nd period - Dylan McLaughlin wins face-off versus Alex Newhook in Sarnia Sailors zone.
4:05 of 2nd period - Snap shot by Dylan McLaughlin.
4:05 of 2nd period - Shot Misses the Net.
4:13 of 2nd period - Wrist shot by Trent Frederic.
4:13 of 2nd period - Stopped by Laurent Brossoit without a rebound.
4:14 of 2nd period - Dominic Toninato wins face-off versus Aaron Luchuk in Sarnia Sailors zone.
4:41 of 2nd period - Dylan McLaughlin is hit by Alex Petrovic and loses puck.
5:02 of 2nd period - Backhand shot by Adam Erne.
5:02 of 2nd period - Stopped by Keith Kinkaid with a rebound.
5:04 of 2nd period - Slapshot by Seth Barton.
5:04 of 2nd period - Stopped by Keith Kinkaid without a rebound.
5:05 of 2nd period - Aaron Luchuk wins face-off versus Dominic Turgeon in Erie Otters zone.
5:12 of 2nd period - Snap shot by Aleksi Heponiemi.
5:12 of 2nd period - Stopped by Keith Kinkaid with a rebound.
5:14 of 2nd period - Snap shot by Dominic Turgeon.
5:14 of 2nd period - Shot Hit the Post.
5:16 of 2nd period - Slapshot by Connor Carrick.
5:16 of 2nd period - Stopped by Keith Kinkaid with a rebound.
5:18 of 2nd period - Backhand shot by Mitchell Vande Sompel.
5:18 of 2nd period - Stopped by Keith Kinkaid with a rebound.
5:20 of 2nd period - Slapshot by Mitchell Vande Sompel.
5:20 of 2nd period - Shot Misses the Net.
5:30 of 2nd period - Vasily Podkolzin is hit by Trent Frederic and loses puck.
5:37 of 2nd period - Snap shot by Alex Newhook.
5:37 of 2nd period - Shot Blocked by Mitchell Vande Sompel.
5:39 of 2nd period - Snap shot by Mitchell Chaffee.
5:39 of 2nd period - Stopped by Laurent Brossoit with a rebound.
5:41 of 2nd period - Wrist shot by Alex Newhook.
5:41 of 2nd period - Stopped by Laurent Brossoit with a rebound.
5:43 of 2nd period - Wrist shot by Trent Frederic.
5:43 of 2nd period - Shot Misses the Net.
6:01 of 2nd period - Slapshot by Michael Dal Colle.
6:01 of 2nd period - Shot Blocked by Kevin Davis.
6:03 of 2nd period - Snap shot by Michael Dal Colle.
6:03 of 2nd period - Stopped by Keith Kinkaid without a rebound.
6:04 of 2nd period - Dylan McLaughlin wins face-off versus Mitchell Chaffee in Erie Otters zone.
6:56 of 2nd period - Snap shot by Paul Cotter.
6:56 of 2nd period - Stopped by Laurent Brossoit with a rebound.
7:30 of 2nd period - Alex Biega is hit by Josh Dickinson and loses puck.
7:51 of 2nd period - Snap shot by Keegan Kolesar.
7:51 of 2nd period - Stopped by Keith Kinkaid with a rebound.
7:53 of 2nd period - Wrist shot by Keegan Kolesar.
7:53 of 2nd period - Shot Hit the Post.
7:55 of 2nd period - Wrist shot by Vasily Podkolzin.
7:55 of 2nd period - Shot Misses the Net.
7:57 of 2nd period - Snap shot by Dominic Toninato.
7:57 of 2nd period - Shot Misses the Net.
8:10 of 2nd period - Icing by Alex Petrovic.
8:11 of 2nd period - Aaron Luchuk wins face-off versus Dominic Turgeon in Erie Otters zone.
8:18 of 2nd period - Wrist shot by Sampo Ranta.
8:18 of 2nd period - Stopped by Laurent Brossoit without a rebound.
8:19 of 2nd period - Dominic Toninato wins face-off versus Andy Andreoff in Sarnia Sailors zone.
8:28 of 2nd period - Slapshot by Dominic Toninato.
8:28 of 2nd period - Shot Misses the Net.
8:30 of 2nd period - Snap shot by Keegan Kolesar.
8:30 of 2nd period - Shot Misses the Net.
8:32 of 2nd period - Snap shot by Vasily Podkolzin.
8:32 of 2nd period - Shot Misses the Net.
8:34 of 2nd period - Snap shot by Keegan Kolesar.
8:34 of 2nd period - Shot Misses the Net.
8:48 of 2nd period - Snap shot by Adam Erne.
8:48 of 2nd period - Shot Blocked by Mitchell Chaffee.
8:50 of 2nd period - Slapshot by Rob Hamilton.
8:50 of 2nd period - Shot Misses the Net.
8:52 of 2nd period - Backhand shot by Dylan McLaughlin.
8:52 of 2nd period - Shot Misses the Net.
9:00 of 2nd period - Minor Penalty to Trent Frederic for Tripping.
9:01 of 2nd period - Mitchell Chaffee wins face-off versus Dominic Turgeon in Erie Otters zone.
9:01 of 2nd period - Mitchell Chaffee is hit by Connor Carrick.
9:32 of 2nd period - Slapshot by Chris Wideman.
9:32 of 2nd period - Stopped by Keith Kinkaid with a rebound.
9:34 of 2nd period - Backhand shot by Chris Wideman.
9:34 of 2nd period - Shot Misses the Net.
9:36 of 2nd period - Slapshot by Chris Wideman.
9:36 of 2nd period - Stopped by Keith Kinkaid with a rebound.
9:38 of 2nd period - Wrist shot by Adam Erne.
9:38 of 2nd period - Stopped by Keith Kinkaid with a rebound.
11:00 of 2nd period - Penalty to Trent Frederic is over, Trent Frederic is back on ice.
11:05 of 2nd period - Alex Vlasic is hit by Alex Petrovic and loses puck.
11:42 of 2nd period - Slapshot by Alex Biega.
11:42 of 2nd period - Deflect By Paul Cotter.
11:42 of 2nd period - Stopped by Laurent Brossoit without a rebound.
11:43 of 2nd period - Andy Andreoff wins face-off versus Dominic Toninato in Sarnia Sailors zone.
11:48 of 2nd period - Snap shot by Andy Andreoff.
11:48 of 2nd period - Stopped by Laurent Brossoit with a rebound.
12:00 of 2nd period - Aaron Luchuk is hit by Connor Carrick.
12:20 of 2nd period - Snap shot by Alex-Olivier Voyer.
12:20 of 2nd period - Shot Misses the Net.
13:18 of 2nd period - Snap shot by Alex-Olivier Voyer.
13:18 of 2nd period - Shot Misses the Net.
13:20 of 2nd period - Slapshot by Alex Gallant.
13:20 of 2nd period - Stopped by Laurent Brossoit with a rebound.
13:22 of 2nd period - Slapshot by Adam Brubacher.
13:22 of 2nd period - Deflect By Vasily Podkolzin.
13:22 of 2nd period - Stopped by Laurent Brossoit with a rebound.
13:24 of 2nd period - Wrist shot by Alex Gallant.
13:24 of 2nd period - Shot Misses the Net.
13:26 of 2nd period - Backhand shot by Adam Brubacher.
13:26 of 2nd period - Shot Misses the Net.
13:36 of 2nd period - Seth Barton is hit by Aaron Luchuk and loses puck.
13:41 of 2nd period - Slapshot by Sampo Ranta.
13:41 of 2nd period - Shot Misses the Net.
13:43 of 2nd period - Backhand shot by Alex Petrovic.
13:43 of 2nd period - Shot Blocked by Rob Hamilton.
13:43 of 2nd period - Rob Hamilton from Sarnia Sailors is injured at 13:43 of 2nd period (Strained Right Knee).
13:44 of 2nd period - Dominic Toninato wins face-off versus Alex Newhook in Sarnia Sailors zone.
13:44 of 2nd period - Dominic Toninato is hit by Alex Petrovic.
13:54 of 2nd period - Backhand shot by Dominic Toninato.
13:54 of 2nd period - Stopped by Keith Kinkaid with a rebound.
13:56 of 2nd period - Backhand shot by Yannick Weber.
13:56 of 2nd period - Shot Blocked by Alex Newhook.
13:58 of 2nd period - Slapshot by Yannick Weber.
13:58 of 2nd period - Shot Blocked by Alex Biega.
14:00 of 2nd period - Snap shot by Vasily Podkolzin.
14:00 of 2nd period - Shot Misses the Net.
15:12 of 2nd period - Slapshot by Trent Frederic.
15:12 of 2nd period - Stopped by Laurent Brossoit with a rebound.
15:14 of 2nd period - Slapshot by Adam Brubacher.
15:14 of 2nd period - Stopped by Laurent Brossoit with a rebound.
15:16 of 2nd period - Wrist shot by Trent Frederic.
15:16 of 2nd period - Shot Misses the Net.
15:18 of 2nd period - Snap shot by Alex Newhook.
15:18 of 2nd period - Shot Blocked by Dominic Toninato.
15:20 of 2nd period - Wrist shot by Mitchell Chaffee.
15:20 of 2nd period - Shot Misses the Net.
15:22 of 2nd period - Slapshot by Adam Brubacher.
15:22 of 2nd period - Stopped by Laurent Brossoit with a rebound.
15:36 of 2nd period - Aaron Ness is hit by Dylan McLaughlin and loses puck.
15:54 of 2nd period - Off-side.
15:55 of 2nd period - Aaron Luchuk wins face-off versus Aleksi Heponiemi in neutral zone.
16:25 of 2nd period - Snap shot by Vasily Podkolzin.
16:25 of 2nd period - Stopped by Keith Kinkaid without a rebound.
16:26 of 2nd period - Dominic Toninato wins face-off versus Alex Newhook in Erie Otters zone.
16:27 of 2nd period - Slapshot by Vasily Podkolzin.
16:27 of 2nd period - Shot Blocked by Aaron Ness.
16:57 of 2nd period - Michael Dal Colle is hit by Michael Eyssimont and loses puck.
17:03 of 2nd period - Off-side.
17:04 of 2nd period - Aaron Luchuk wins face-off versus Dominic Toninato in neutral zone.
17:17 of 2nd period - Backhand shot by Ty Ronning.
17:17 of 2nd period - Stopped by Laurent Brossoit with a rebound.
17:31 of 2nd period - Yannick Weber is hit by Trent Frederic and loses puck.
17:51 of 2nd period - Adam Erne is hit by Adam Brubacher and loses puck.
17:59 of 2nd period - Icing by Yannick Weber.
18:00 of 2nd period - Andy Andreoff wins face-off versus Dylan McLaughlin in Sarnia Sailors zone.
18:01 of 2nd period - Wrist shot by Michael Eyssimont.
18:01 of 2nd period - Stopped by Laurent Brossoit with a rebound.
18:03 of 2nd period - Snap shot by Aaron Ness.
18:03 of 2nd period - Stopped by Laurent Brossoit with a rebound.
18:05 of 2nd period - Wrist shot by Paul Cotter.
18:05 of 2nd period - Shot Misses the Net.
18:07 of 2nd period - Snap shot by Andy Andreoff.
18:07 of 2nd period - Shot Misses the Net.
18:55 of 2nd period - Wrist shot by Ty Ronning.
18:55 of 2nd period - Shot Misses the Net.
19:07 of 2nd period - Alex Biega is hit by Mitchell Vande Sompel and loses puck.
19:28 of 2nd period - Dominic Toninato is hit by Michael Eyssimont and loses puck.
Goals for this period are 1 for Sarnia Sailors vs 1 for Erie Otters.
Shots for this period are 21 for Sarnia Sailors vs 19 for Erie Otters.
3rd period
0:01 of 3rd period - Alex Newhook wins face-off versus Dominic Toninato in neutral zone.
0:06 of 3rd period - Snap shot by Alex Biega.
0:06 of 3rd period - Stopped by Laurent Brossoit without a rebound.
0:07 of 3rd period - Andy Andreoff wins face-off versus Dominic Toninato in Sarnia Sailors zone.
0:08 of 3rd period - Slapshot by Paul Cotter.
0:08 of 3rd period - Stopped by Laurent Brossoit without a rebound.
0:09 of 3rd period - Dominic Toninato wins face-off versus Michael Eyssimont in Sarnia Sailors zone.
0:11 of 3rd period - Minor Penalty to Yannick Weber for Tripping.
0:12 of 3rd period - Andy Andreoff wins face-off versus Dylan McLaughlin in Sarnia Sailors zone.
1:33 of 3rd period - Connor Carrick is hit by Paul Cotter and loses puck.
2:11 of 3rd period - Penalty to Yannick Weber is over, Yannick Weber is back on ice.
2:18 of 3rd period - Yannick Weber is hit by Ty Ronning and loses puck.
2:43 of 3rd period - Josh Dickinson is hit by Aaron Luchuk and loses puck.
3:00 of 3rd period - Alec McCrea is hit by Vasily Podkolzin and loses puck.
3:22 of 3rd period - Aleksi Heponiemi is hit by Sampo Ranta and loses puck.
4:42 of 3rd period - Minor Penalty to Chris Wideman for Hooking.
4:43 of 3rd period - Dominic Toninato wins face-off versus Michael Eyssimont in Sarnia Sailors zone.
5:06 of 3rd period - Seth Barton is hit by Paul Cotter and loses puck.
5:23 of 3rd period - Snap shot by Paul Cotter.
5:23 of 3rd period - Stopped by Laurent Brossoit with a rebound.
5:25 of 3rd period - Wrist shot by Paul Cotter.
5:25 of 3rd period - Shot Blocked by Seth Barton.
5:27 of 3rd period - Snap shot by Alex Petrovic.
5:27 of 3rd period - Goal by Alex Petrovic - Sarnia Sailors : 2 - Erie Otters : 3.
5:28 of 3rd period - Keegan Kolesar wins face-off versus Alex Newhook in neutral zone.
5:35 of 3rd period - Slapshot by Keegan Kolesar.
5:35 of 3rd period - Stopped by Keith Kinkaid with a rebound.
5:56 of 3rd period - Snap shot by Sampo Ranta.
5:56 of 3rd period - Deflect By Ty Ronning.
5:56 of 3rd period - Stopped by Laurent Brossoit without a rebound.
5:57 of 3rd period - Dylan McLaughlin wins face-off versus Aaron Luchuk in Sarnia Sailors zone.
6:23 of 3rd period - Mitchell Vande Sompel is hit by Paul Cotter and loses puck.
7:24 of 3rd period - Adam Brubacher is hit by Adam Erne and loses puck.
7:41 of 3rd period - Snap shot by Alex-Olivier Voyer.
7:41 of 3rd period - Stopped by Laurent Brossoit with a rebound.
7:49 of 3rd period - Snap shot by Dylan McLaughlin.
7:49 of 3rd period - Stopped by Keith Kinkaid with a rebound.
7:51 of 3rd period - Slapshot by Adam Erne.
7:51 of 3rd period - Stopped by Keith Kinkaid with a rebound.
7:53 of 3rd period - Snap shot by Michael Dal Colle.
7:53 of 3rd period - Shot Blocked by Alec McCrea.
7:55 of 3rd period - Slapshot by Yannick Weber.
7:55 of 3rd period - Shot Blocked by Abbott Girduckis.
8:00 of 3rd period - Minor Penalty to Alex Gallant for Holding.
8:01 of 3rd period - Andy Andreoff wins face-off versus Dominic Turgeon in Erie Otters zone.
8:01 of 3rd period - Andy Andreoff is hit by Dominic Turgeon.
8:14 of 3rd period - Snap shot by Vasily Podkolzin.
8:14 of 3rd period - Shot Misses the Net.
8:16 of 3rd period - Snap shot by Keegan Kolesar.
8:16 of 3rd period - Shot Misses the Net.
8:57 of 3rd period - Icing by Alex Vlasic.
8:58 of 3rd period - Dominic Turgeon wins face-off versus Alex Newhook in Sarnia Sailors zone.
9:03 of 3rd period - Slapshot by Connor Carrick.
9:03 of 3rd period - Goal by Connor Carrick - Sarnia Sailors : 3 - Erie Otters : 3.
9:04 of 3rd period - Andy Andreoff wins face-off versus Dominic Toninato in neutral zone.
9:06 of 3rd period - Off-side.
9:07 of 3rd period - Andy Andreoff wins face-off versus Keegan Kolesar in neutral zone.
9:10 of 3rd period - Slapshot by Alex Biega.
9:10 of 3rd period - Deflect By Andy Andreoff.
9:10 of 3rd period - Shot Blocked by Alex Vlasic.
9:10 of 3rd period - Puck is out of play.
9:11 of 3rd period - Dominic Toninato wins face-off versus Andy Andreoff in Sarnia Sailors zone.
9:21 of 3rd period - Icing by Alex Biega.
9:22 of 3rd period - Dominic Toninato wins face-off versus Andy Andreoff in Erie Otters zone.
9:43 of 3rd period - Wrist shot by Paul Cotter.
9:43 of 3rd period - Stopped by Laurent Brossoit without a rebound.
9:44 of 3rd period - Alex Newhook wins face-off versus Dylan McLaughlin in Sarnia Sailors zone.
9:48 of 3rd period - Minor Penalty to Alex Vlasic for Roughing.
9:49 of 3rd period - Dominic Toninato wins face-off versus Alex Newhook in Sarnia Sailors zone.
11:48 of 3rd period - Penalty to Alex Vlasic is over, Alex Vlasic is back on ice.
12:09 of 3rd period - Alex-Olivier Voyer is hit by Michael Dal Colle and loses puck.
12:40 of 3rd period - Slapshot by Sampo Ranta.
12:40 of 3rd period - Shot Misses the Net.
12:42 of 3rd period - Backhand shot by Sampo Ranta.
12:42 of 3rd period - Stopped by Laurent Brossoit with a rebound.
12:44 of 3rd period - Snap shot by Ty Ronning.
12:44 of 3rd period - Shot Misses the Net.
12:46 of 3rd period - Snap shot by Alex-Olivier Voyer.
12:46 of 3rd period - Shot Blocked by Dylan McLaughlin.
12:48 of 3rd period - Backhand shot by Sampo Ranta.
12:48 of 3rd period - Stopped by Laurent Brossoit with a rebound.
12:59 of 3rd period - Slapshot by Yannick Weber.
12:59 of 3rd period - Stopped by Keith Kinkaid with a rebound.
13:07 of 3rd period - Yannick Weber is hit by Ty Ronning and loses puck.
13:14 of 3rd period - Snap shot by Ty Ronning.
13:14 of 3rd period - Shot Hit the Post.
13:16 of 3rd period - Snap shot by Sampo Ranta.
13:16 of 3rd period - Stopped by Laurent Brossoit with a rebound.
13:18 of 3rd period - Snap shot by Ty Ronning.
13:18 of 3rd period - Shot Misses the Net.
13:20 of 3rd period - Wrist shot by Sampo Ranta.
13:20 of 3rd period - Stopped by Laurent Brossoit with a rebound.
13:30 of 3rd period - Snap shot by Ty Ronning.
13:30 of 3rd period - Stopped by Laurent Brossoit with a rebound.
13:32 of 3rd period - Wrist shot by Ty Ronning.
13:32 of 3rd period - Shot Misses the Net.
13:34 of 3rd period - Wrist shot by Alex Petrovic.
13:34 of 3rd period - Shot Misses the Net.
13:36 of 3rd period - Slapshot by Alex Biega.
13:36 of 3rd period - Stopped by Laurent Brossoit with a rebound.
13:38 of 3rd period - Wrist shot by Alex-Olivier Voyer.
13:38 of 3rd period - Shot Misses the Net.
13:40 of 3rd period - Wrist shot by Sampo Ranta.
13:40 of 3rd period - Deflect By Alex-Olivier Voyer.
13:40 of 3rd period - Goal by Alex-Olivier Voyer - Sarnia Sailors : 3 - Erie Otters : 4.
13:41 of 3rd period - Alex Newhook wins face-off versus Dominic Toninato in neutral zone.
14:06 of 3rd period - Paul Cotter is hit by Connor Carrick and loses puck.
14:33 of 3rd period - Michael Eyssimont is hit by Dominic Toninato and loses puck.
14:55 of 3rd period - Icing by Vasily Podkolzin.
14:56 of 3rd period - Abbott Girduckis wins face-off versus Dominic Toninato in Sarnia Sailors zone.
15:07 of 3rd period - Minor Penalty to David Warsofsky for Hooking.
15:08 of 3rd period - Alex Newhook wins face-off versus Dominic Toninato in Sarnia Sailors zone.
15:09 of 3rd period - Slapshot by Mitchell Chaffee.
15:09 of 3rd period - Shot Misses the Net.
15:19 of 3rd period - Wrist shot by Mitchell Chaffee.
15:19 of 3rd period - Shot Misses the Net.
15:21 of 3rd period - Wrist shot by Mitchell Chaffee.
15:21 of 3rd period - Goal by Mitchell Chaffee - Sarnia Sailors : 3 - Erie Otters : 5.
15:22 of 3rd period - Dominic Turgeon wins face-off versus Sampo Ranta in neutral zone.
15:58 of 3rd period - Abbott Girduckis is hit by Mitchell Vande Sompel and loses puck.
16:13 of 3rd period - Snap shot by Chris Wideman.
16:13 of 3rd period - Deflect By Josh Dickinson.
16:13 of 3rd period - Shot Blocked by Alec McCrea.
16:13 of 3rd period - Puck is out of play.
16:14 of 3rd period - Alex Newhook wins face-off versus Josh Dickinson in Erie Otters zone.
16:27 of 3rd period - Snap shot by Josh Dickinson.
16:27 of 3rd period - Goal by Josh Dickinson - Sarnia Sailors : 4 - Erie Otters : 5.
16:28 of 3rd period - Ty Ronning wins face-off versus Dominic Turgeon in neutral zone.
16:41 of 3rd period - Slapshot by Alex Petrovic.
16:41 of 3rd period - Stopped by Laurent Brossoit without a rebound.
16:42 of 3rd period - Dominic Toninato wins face-off versus Alex-Olivier Voyer in Sarnia Sailors zone.
16:48 of 3rd period - Alex-Olivier Voyer is hit by Yannick Weber and loses puck.
17:28 of 3rd period - Slapshot by Alex Vlasic.
17:28 of 3rd period - Stopped by Keith Kinkaid with a rebound.
17:30 of 3rd period - Wrist shot by Josh Dickinson.
17:30 of 3rd period - Stopped by Keith Kinkaid with a rebound.
17:36 of 3rd period - Wrist shot by Josh Dickinson.
17:36 of 3rd period - Stopped by Keith Kinkaid with a rebound.
17:38 of 3rd period - Slapshot by Yannick Weber.
17:38 of 3rd period - Stopped by Keith Kinkaid without a rebound.
17:39 of 3rd period - Dominic Turgeon wins face-off versus Aaron Luchuk in Erie Otters zone.
17:56 of 3rd period - Alex Biega is hit by David Warsofsky and loses puck.
18:15 of 3rd period - Wrist shot by Alex-Olivier Voyer.
18:15 of 3rd period - Stopped by Laurent Brossoit with a rebound.
18:17 of 3rd period - Wrist shot by Alex-Olivier Voyer.
18:17 of 3rd period - Shot Misses the Net.
18:19 of 3rd period - Slapshot by Aaron Ness.
18:19 of 3rd period - Shot Blocked by Mitchell Vande Sompel.
18:28 of 3rd period - Off-side.
18:29 of 3rd period - Trent Frederic wins face-off versus Dylan McLaughlin in neutral zone.
18:38 of 3rd period - Adam Erne is hit by Alex Biega and loses puck.
18:55 of 3rd period - Trent Frederic is hit by Keegan Kolesar and loses puck.
19:02 of 3rd period - Alex Vlasic is hit by Aaron Ness and loses puck.
19:17 of 3rd period - Trent Frederic is hit by Yannick Weber.
19:43 of 3rd period - Wrist shot by Mitchell Chaffee.
19:43 of 3rd period - Stopped by Laurent Brossoit with a rebound.
19:45 of 3rd period - Wrist shot by Trent Frederic.
19:45 of 3rd period - Deflect By Mitchell Chaffee.
19:45 of 3rd period - Stopped by Laurent Brossoit with a rebound.
19:47 of 3rd period - Slapshot by Aaron Ness.
19:47 of 3rd period - Shot Blocked by Yannick Weber.
19:49 of 3rd period - Slapshot by Alec McCrea.
19:49 of 3rd period - Stopped by Laurent Brossoit with a rebound.
19:51 of 3rd period - Snap shot by Aaron Ness.
19:51 of 3rd period - Stopped by Laurent Brossoit with a rebound.
19:53 of 3rd period - Slapshot by Alec McCrea.
19:53 of 3rd period - Stopped by Laurent Brossoit with a rebound.
19:55 of 3rd period - Snap shot by Alec McCrea.
19:55 of 3rd period - Shot Blocked by Dominic Toninato.
Goals for this period are 2 for Sarnia Sailors vs 3 for Erie Otters.
Shots for this period are 10 for Sarnia Sailors vs 22 for Erie Otters.
Back to the Top